 Dungeon Crawl Stone Soup version 0.18-b1-16-g289874d (webtiles) character file.

17520 MTVSty1e the Fighter (level 12, -6/113 HPs)
             Began as a Minotaur Fighter on May 1, 2016.
             Was a High Priest of Okawaru.
             Mangled by a skeletal warrior
             ... wielding a +0 dire flail
             ... led by a skeletal warrior
              (19 damage)
             ... on level 12 of the Dungeon.
             The game lasted 01:04:02 (15941 turns).

MTVSty1e the Fighter (Minotaur Fighter)            Turns: 15941, Time: 01:04:02

Health: -6/113     AC: 25    Str: 26    XL:     12   Next: 19%
Magic:  11/11      EV: 11    Int:  5    God:    Okawaru [*****.]
Gold:   503        SH:  0    Dex: 10    Spells: 0 memorised, 11 levels left

rFire  + . .     SeeInvis .     M - +4 glaive (flame)
rCold  x . .     Gourm    .     V - +1 plate armour
rNeg   . . .     Faith    .     (shield currently unavailable)
rPois  .         Spirit   .     i - +1 hat
rElec  .         Dismiss  .     z - +0 cloak
rCorr  .         Reflect  .     x - +0 pair of gloves
SustAt .         Harm     .     J - +2 pair of boots of the Assassin {DetectMon Stab+ Stlth++}
MR     .....                    I - amulet of magic regeneration
Stlth  ..........               L - +2 ring of protection
                                R - ring of fire

@: invisible, not resistant to hostile enchantments, extremely unstealthy
A: retaliatory headbutt, horns 2
a: Heroism, Finesse, Renounce Religion


You were on level 12 of the Dungeon.
You worshipped Okawaru.
Okawaru was extremely pleased with you.
You were not hungry.

You visited 2 branches of the dungeon, and saw 14 of its levels.
You also visited: Sewer and Bailey.

You collected 937 gold pieces.
You spent 434 gold pieces at shops.

Inventory:

Hand Weapons
 q - a +3 mace
 s - a +1 war axe of electrocution
 y - a +2 quarterstaff of chaos
 M - a +4 glaive of flaming (weapon)
 O - a +1 war axe of chopping
 Q - a +3 trident of distortion
Armour
 i - a +1 hat (worn)
 x - a +0 pair of gloves (worn)
 z - a +0 cloak (worn)
 J - the +2 pair of boots of the Assassin (worn) {DetectMon Stab+ Stlth++}
   (Okawaru gifted it to you on level 12 of the Dungeon)

   It makes you much more stealthy.
 V - a +1 plate armour (worn)
Rods
 W - a +0 rod of clouds (9/9)
   (You took it off a goblin on level 12 of the Dungeon)
Jewellery
 o - an uncursed ring of resist corrosion
 I - an amulet of magic regeneration (around neck)
 L - a +2 ring of protection (right hand)
 P - an uncursed ring of protection from magic
 R - a ring of fire (left hand)
Wands
 c - a wand of slowing (26/48)
 w - a wand of digging (14/24)
 A - a wand of lightning (9/15)
 C - a wand of acid (11/15)
 E - a wand of heal wounds (0/9)
 T - a wand of slowing (29/48)
 Y - a wand of disintegration (7/24)
Scrolls
 b - a scroll of enchant weapon
 d - 3 scrolls of enchant armour
 e - 5 scrolls of fog
 h - 5 scrolls of recharging
 j - 4 scrolls of amnesia
 l - a scroll of fear
 r - 5 scrolls of remove curse
 u - 4 scrolls of random uselessness
 B - 7 scrolls of teleportation
 N - a scroll of identify
Potions
 t - 2 potions of brilliance
 F - a potion of beneficial mutation {unknown}
 G - 7 potions of curing
 H - 3 potions of magic
Books
 m - a book of Minor Magic

   Spells                             Type                      Level
   a - Magic Dart                     Conjuration                  1
   b - Blink                          Translocation                2
   c - Call Imp                       Summoning                    2
   d - Repel Missiles                 Charms/Air                   2
   e - Slow                           Hexes                        2
   f - Conjure Flame                  Conjuration/Fire             3
   g - Mephitic Cloud                 Conjuration/Poison/Air       3
 n - a book of Unlife

   Spells                             Type                      Level
   a - Recall                         Summoning/Translocation      3
   b - Animate Dead                   Necromancy                   4
   c - Control Undead                 Necromancy                   4
   d - Cigotuvi's Embrace             Necromancy                   5
   e - Death Channel                  Necromancy                   6
   f - Simulacrum                     Ice/Necromancy               6
 K - a book of Burglary

   Spells                             Type                      Level
   a - Swiftness                      Charms/Air                   2
   b - Passwall                       Transmutation/Earth          2
   c - Passage of Golubria            Translocation                4
   d - Lee's Rapid Deconstruction     Earth                        5
   e - Darkness                       Hexes                        6
   f - Invisibility                   Hexes                        6
 S - a book of Party Tricks

   Spells                             Type                      Level
   a - Summon Butterflies             Summoning                    1
   b - Apportation                    Translocation                1
   c - Tukima's Dance                 Hexes                        3
   d - Alistair's Intoxication        Transmutation/Poison         5
   e - Invisibility                   Hexes                        6
 X - a book of Maledictions

   Spells                             Type                      Level
   a - Corona                         Hexes                        1
   b - Ensorcelled Hibernation        Hexes/Ice                    2
   c - Confuse                        Hexes                        3
   d - Tukima's Dance                 Hexes                        3
   e - Dazzling Spray                 Conjuration/Hexes            3
Miscellaneous
 a - a sack of spiders
 g - a phantom mirror
Comestibles
 f - 3 bread rations
 k - 4 meat rations
 v - 6 royal jellies
 U - 2 slices of pizza


   Skills:
 * Level 12.7 Fighting
 + Level 7.3(10.3) Axes
 + Level 11.3(12.1) Polearms
 * Level 11.2 Armour
 * Level 9.1 Dodging
   Level 6.7 Shields
 - Level 1.0 Evocations


You had 11 spell levels left.
You didn't know any spells.

Dungeon Overview and Level Annotations

Branches:
Dungeon (13/15)            Temple (1/1) D:4            Lair (0/8) D:10
    Orc (0/2) D:12
 Vaults: D:13-14

Altars:
Ashenzari
Cheibriados
Dithmenos
Elyvilon
Fedhas
Kikubaaqudgha
Makhleb
Nemelex Xobeh
Okawaru
Pakellas
Sif Muna
Trog
Vehumet
Xom
Yredelemnul
The Shining One
Beogh

Shops:
D:11 *


Innate Abilities, Weirdness & Mutations

You reflexively headbutt those who attack you in melee.
You have a pair of horns on your head.


Message History

The skeletal warrior is almost destroyed.
The skeletal warrior hits you with a hand axe.
The skeletal warrior hits you with a dire flail!
You hit the skeletal warrior but do no damage.
The skeletal warrior is almost destroyed.
The skeletal warrior hits you with a hand axe.
The skeletal warrior hits you with a dire flail!
* * * LOW HITPOINT WARNING * * *
Zapping:
E - a wand of heal wounds {zapped: 4} (will waste charges)
Press: ? - help, Shift-Dir - straight line, f - you Nothing appears to happen.
The skeletal warrior hits you but does no damage.
Drink which item? (? for menu, Esc to quit)
You can't drink that!
The skeletal warrior hits you with a dire flail!
* * * LOW HITPOINT WARNING * * *
Drink which item? (? for menu, Esc to quit)
You fade into invisibility!
The skeletal warrior hits you with a dire flail!!
You die...

##..#####(..............######...
....# #...#........##.#........≈≈
....# ####..........#.#..#####.≈#
....# #..........<>##.# #.≈#
....# #..........####.#####.≈#
###.######............##....##.≈#
###.......................?....≈#
.##..####...............######.≈≈
................@.......# #...
#########.......zz......# ###.
#...............# ##
#.(.............#
#...............#
##.............## ##.....#.....##
#############


You could see 2 skeletal warriors.

Vanquished Creatures
  An orc warlord (Bailey)
  The ghost of hannobal the Tainter, a novice NaVM of Pakellas (Bailey)
  A skeletal warrior (D:13)
  Pikel (D:5)
  A hill giant (D:11)
  An orc knight (Bailey)
  2 ugly things
  2 centaur zombies
  4 trolls
  A two-headed ogre (D:9)
  A wyvern (D:9)
  2 vampires
  6 yaks
  A hippogriff (D:12)
  A steam dragon (D:11)
  Menkaure (D:6)
  4 wargs (D:12)
  Edmund (D:6)
  A soldier ant (D:8)
  A water moccasin (D:11)
  16 orc warriors
  2 phantoms
  A slave (D:5)
  2 ice beasts
  3 wasps
  2 sky beasts
  2 black bears (D:9)
  2 necrophages
  8 ogres
  3 wolves (D:10)
  7 centaurs
  4 big kobolds
  Blork the orc (D:5)
  9 giant frogs
  A gnoll sergeant (D:7)
  A wyvern zombie (D:12)
  2 scorpions
  21 killer bees
  3 wights (D:6)
  2 electric eels (D:10)
  5 howler monkeys
  5 crimson imps
  2 quasits
  2 giant frog zombies
  A jelly (D:8)
  10 hounds
  15 orc wizards
  2 giant frog skeletons
  8 orc priests
  A centaur skeleton (D:9)
  Crazy Yiuf (D:5)
  2 iguanas
  Ijyb (D:2)
  Natasha (D:2)
  9 worker ants
  A killer bee zombie (D:5)
  A hound zombie (D:6)
  A worker ant zombie (D:8)
  13 gnolls
  18 adders
  4 river rats (Sewer)
  5 shadow imps
  2 oozes
  2 adder skeletons
  7 worms
  3 dart slugs
  6 giant geckos
  77 orcs
  15 ball pythons (Sewer)
  5 bats
  6 giant cockroaches
  20 goblins
  6 hobgoblins
  14 jackals
  10 quokkas
  6 giant newts
  35 kobolds
  A quokka zombie (D:5)
  28 rats
  A fungus (D:3)
478 creatures vanquished.

Vanquished Creatures (others)
  An orc wizard (D:6)
1 creature vanquished.

Grand Total: 479 creatures vanquished

Notes
Turn   | Place    | Note
--------------------------------------------------------------
     0 | D:1      | MTVSty1e the Minotaur Fighter began the quest for the Orb.
     0 | D:1      | Reached XP level 1. HP: 19/19 MP: 0/0
    98 | D:1      | Reached XP level 2. HP: 27/27 MP: 1/1
   288 | D:1      | Reached skill level 4 in Fighting
   461 | D:1      | Reached XP level 3. HP: 29/33 MP: 2/2
   677 | D:2      | Noticed Ijyb
   688 | D:2      | Killed Ijyb
   688 | D:2      | Reached skill level 1 in Dodging
  1004 | D:2      | Found a shadowy altar of Dithmenos.
  1024 | D:2      | Reached XP level 4. HP: 29/41 MP: 3/3
  1446 | D:2      | Noticed Natasha
  1456 | D:2      | Killed Natasha
  1969 | D:3      | Reached XP level 5. HP: 45/47 MP: 4/4
  2414 | D:3      | Noticed an ogre
  2415 | D:3      | Gained mutation: You occasionally shout uncontrollably at your foes. [potion of mutation]
  2415 | D:3      | Gained mutation: Your spells are a little harder to cast, but a little more powerful. [potion of mutation]
  2415 | D:3      | Gained mutation: You sometimes yell uncontrollably at your foes. [potion of mutation]
  2420 | D:3      | Killed an ogre
  2420 | D:3      | Reached skill level 5 in Fighting
  2530 | D:3      | Reached XP level 6. HP: 51/56 MP: 5/5
  3124 | D:4      | Reached XP level 7. HP: 45/62 MP: 6/6
  3352 | D:4      | Found a staircase to the Ecumenical Temple.
  3376 | Temple   | Entered the Ecumenical Temple
  3402 | Temple   | Became a worshipper of Warmaster Okawaru
  3472 | D:4      | Reached skill level 5 in Shields
  3584 | D:4      | Reached skill level 6 in Fighting
  3588 | D:4      | Reached skill level 5 in Armour
  3955 | D:4      | Reached skill level 5 in Axes
  4453 | D:5      | Entered Level 5 of the Dungeon
  4533 | D:5      | Noticed Crazy Yiuf
  4538 | D:5      | Killed Crazy Yiuf
  4868 | D:5      | Noticed Pikel
  4883 | D:5      | Killed Pikel
  4883 | D:5      | Reached * piety under Okawaru
  4883 | D:5      | Reached ** piety under Okawaru
  4883 | D:5      | Reached skill level 7 in Fighting
  4883 | D:5      | Reached skill level 5 in Dodging
  4883 | D:5      | Reached XP level 8. HP: 36/73 MP: 7/7
  5230 | D:5      | Noticed Blork the orc
  5236 | D:5      | Killed Blork the orc
  5543 | D:6      | Found a glowing drain.
  5547 | Sewer    | Entered a sewer
  5858 | Sewer    | Reached *** piety under Okawaru
  6078 | D:6      | Noticed Menkaure
  6090 | D:6      | Killed Menkaure
  6090 | D:6      | Reached XP level 9. HP: 50/81 MP: 8/8
  7192 | D:6      | Noticed Edmund
  7206 | D:6      | Killed Edmund
  7206 | D:6      | Reached skill level 8 in Fighting
  7255 | D:6      | Found a radiant altar of Vehumet.
  7279 | D:6      | Reached skill level 1 in Polearms
  7893 | D:7      | Reached **** piety under Okawaru
  8057 | D:7      | Found a shattered altar of Ashenzari.
  8063 | D:7      | Reached skill level 9 in Fighting
  8354 | D:7      | Reached skill level 5 in Polearms
  8609 | D:7      | Found a snail-covered altar of Cheibriados.
  8734 | D:8      | Reached XP level 10. HP: 91/91 MP: 9/9
  9780 | D:9      | Found a radiant altar of Vehumet.
  9877 | D:9      | Reached ***** piety under Okawaru
 10156 | D:9      | Found a white marble altar of Elyvilon.
 10835 | D:9      | Lost mutation: Your spells are a little harder to cast, but a little more powerful. [potion of cure mutation]
 10835 | D:9      | Lost mutation: You sometimes yell uncontrollably at your foes. [potion of cure mutation]
 11290 | D:10     | Entered Level 10 of the Dungeon
 11341 | D:10     | Reached skill level 10 in Fighting
 11384 | D:10     | Found a staircase to the Lair.
 12142 | D:10     | Received a gift from Okawaru
 12198 | D:10     | Reached XP level 11. HP: 101/101 MP: 10/10
 12552 | D:11     | Lost mutation: You occasionally shout uncontrollably at your foes. [potion of cure mutation]
 12867 | D:11     | Found a roughly hewn altar of Beogh.
 12940 | D:11     | Found Zeemen's Assorted Antiques.
 12946 | D:11     | Bought a potion of invisibility for 224 gold pieces
 12946 | D:11     | Bought a scroll of enchant weapon for 210 gold pieces
 13030 | D:11     | Reached skill level 11 in Fighting
 13282 | D:11     | Reached skill level 1 in Evocations
 13414 | D:11     | Reached skill level 10 in Polearms
 13883 | D:11     | Noticed a hill giant
 13891 | D:11     | Killed a hill giant
 14063 | D:11     | Noticed a cyan ugly thing
 14076 | D:11     | Killed a cyan ugly thing
 14337 | D:12     | Received a gift from Okawaru
 14339 | D:12     | Reached skill level 10 in Armour
 14810 | D:12     | Found a staircase to the Orcish Mines.
 14849 | D:12     | Found a flagged portal.
 14855 | Bailey   | Entered a bailey
 14855 | Bailey   | Noticed hannobal's ghost (novice NaVM)
 14862 | Bailey   | Killed hannobal's ghost
 14862 | Bailey   | Reached skill level 12 in Fighting
 14871 | Bailey   | Noticed an orc warlord
 14977 | Bailey   | Found a runed gate.
 15030 | Bailey   | Found a runed gate.
 15032 | Bailey   | Found a runed gate.
 15041 | Bailey   | Noticed an orc knight
 15051 | Bailey   | Killed an orc knight
 15153 | Bailey   | Killed an orc warlord
 15153 | Bailey   | Reached XP level 12. HP: 76/113 MP: 11/11
 15506 | D:12     | Identified a scroll of acquirement
 15941 | D:12     | Mangled by a skeletal warrior

Skill      XL: |  1  2  3  4  5  6  7  8  9 10 11 12 |
---------------+-------------------------------------+-----
Fighting       | 4 5 7 9 10 12 | 12.7
Armour         | 4 6 7 9 10 11 | 11.2
Shields        | 4 5 6 |  6.7
Axes           | 3 4 6 7 |  7.3
Dodging        | 1 2 3 5 6 7 8 9 |  9.1
Polearms       | 5 9 11 | 11.3
Evocations     | 1 |  1.0

Action                   |  1- 3 |  4- 6 |  7- 9 | 10-12 || total
-------------------------+-------+-------+-------+-------++-------
Melee: War axe           |    84 |   141 |   237 |       ||   462
       Headbutt          |    10 |    23 |    65 |    86 ||   184
       Glaive            |       |       |   170 |   542 ||   712
Evoke: Wand              |       |       |     5 |     6 ||    11
  Use: Scroll            |     5 |       |     5 |    20 ||    30
       Potion            |     1 |     5 |    12 |    15 ||    33
  Eat: Meat ration       |       |     1 |     1 |       ||     2
       Bread ration      |       |     1 |     2 |     2 ||     5
       Beef jerky        |       |       |     2 |     3 ||     5
       Fruit             |       |       |       |     2 ||     2
       Royal jelly       |       |       |       |     4 ||     4
       Pizza             |       |       |       |     2 ||     2
Armor: Scale mail        |    43 |    52 |   206 |    21 ||   322
       Skin              |       |    18 |       |       ||    18
       Plate armour      |       |       |       |   479 ||   479
Dodge: Dodged            |    26 |    39 |   313 |   445 ||   823
Block: Shield            |    45 |    89 |   197 |       ||   331
